Map: Deathaura LE

Players

JustTheTip - Winner!

  • Race: Protoss Protoss
  • Spawn Location: 5:00

Osiris

  • Race: Terran Terran
  • League: Master
  • Spawn Location: 11:00

VOD

Have the link to the VOD?

Description

Time

  • Played on: March 16, 2021, 8:06 p.m.
  • Length: 13:13
Show
View Real Time Build Order
Export as new Build Order

JustTheTip Protoss - Winner!

Build Orders: 1 Gate Expand 

Get SALT Encoding   

  12  0:01  Probe  
  13  0:13  Probe  
  14  0:18  Pylon  
  14  0:25  Probe (Chrono Boost)  
  15  0:37  Probe (Chrono Boost)  
  15  0:38  Gateway  
  16  0:43  Probe (Chrono Boost)  
  16  0:46  Assimilator  
  17  0:51  Probe  
  18  1:03  Probe  
  19  1:16  Probe  
  20  1:25  Cybernetics Core  
  20  1:28  Probe  
  21  1:36  Nexus  
  21  1:42  Pylon  
  21  1:47  Assimilator  
  21  1:50  Probe  
  22  1:58  Adept (Chrono Boost)  
  24  2:02  Probe  
  25  2:15  Probe  
  26  2:19  Adept (Chrono Boost)  
  28  2:27  Probe  
  28  2:29  Stargate  
  29  2:31  Warp Gate  
  29  2:39  Probe  
  30  2:47  Adept  
  30  2:49  Probe  
  30  2:51  Probe  
  34  2:53  Pylon  
  34  3:01  Probe (Chrono Boost)  
  36  3:09  Probe (Chrono Boost)  
  36  3:12  Probe (Chrono Boost), Twilight Council  
  37  3:16  Probe x2 (Chrono Boost), Assimilator  
  37  3:17  Void Ray (Chrono Boost)  
  43  3:27  Probe  
  43  3:28  Probe  
  45  3:39  Probe  
  45  3:40  Probe  
  47  3:51  Probe  
  47  3:52  Pylon, Charge, Probe  
  49  4:03  Probe  
  49  4:04  Probe, Void Ray  
  51  4:14  Pylon  
  51  4:16  Probe x2  
  59  4:17  Forge  
  57  4:28  Probe x2  
  59  4:38  Nexus  
  59  4:40  Gateway, Probe  
  59  4:41  Probe  
  59  4:42  Pylon  
  59  4:43  Protoss Ground Weapons Level 1 (Chrono Boost)  
  61  4:47  Sentry  
  61  4:49  Void Ray  
  61  4:52  Probe  
  64  4:53  Probe  
  69  5:04  Probe  
  69  5:05  Probe  
  71  5:11  Gateway  
  71  5:13  Gateway, Zealot  
  73  5:16  Probe  
  73  5:17  Probe  
  75  5:26  Gateway  
  75  5:30  Gateway  
  75  5:33  Probe, Forge  
  75  5:34  Pylon  
  76  5:38  Pylon, Sentry  
  78  5:49  Probe x2  
  80  5:50  Probe  
  81  5:58  Void Ray  
  81  6:01  Probe x2  
  81  6:03  Probe  
  88  6:13  Probe x2  
  88  6:15  Probe  
  90  6:21  Protoss Ground Armor Level 1 (Chrono Boost)  
  90  6:23  Zealot x5  
  90  6:24  Protoss Ground Weapons Level 2 (Chrono Boost)  
  100  6:25  Probe x2  
  100  6:32  Robotics Facility  
  102  6:33  Probe  
  102  6:38  Probe  
  102  6:39  Pylon  
  104  6:42  Nexus  
  104  6:43  Pylon  
  104  6:44  Zealot  
  104  6:45  Zealot  
  108  6:51  Pylon  
  108  6:54  Pylon  
  108  7:00  Robotics Facility  
  108  7:04  Zealot  
  108  7:05  Zealot x5  
  90  7:25  Zealot x5  
  90  7:26  Zealot  
  94  7:41  Probe x3  
  95  7:53  Probe x3, Zealot x6  
  95  7:55  Robotics Bay  
  110  8:05  Probe x3  
  103  8:06  Protoss Ground Armor Level 2 (Chrono Boost)  
  97  8:17  Probe x3  
  100  8:21  Probe  
  101  8:29  Probe x3  
  101  8:30  Photon Cannon x2  
  101  8:31  Protoss Ground Weapons Level 3 (Chrono Boost)  
  101  8:32  Shield Battery  
  101  8:33  Probe  
  105  8:35  Pylon  
  105  8:36  Dark Shrine  
  105  8:38  Assimilator  
  105  8:41  Assimilator, Colossus x2  
  105  8:45  Assimilator  
  117  8:50  Probe  
  117  8:51  Assimilator, Probe x2  
  117  8:52  Zealot x3  
  126  8:56  Pylon  
  126  8:58  Blink  
  126  8:59  Extended Thermal Lance  
  126  9:04  Pylon  
  126  9:12  Probe  
  126  9:13  Zealot  
  126  9:15  Zealot  
  131  9:19  Probe  
  131  9:20  Probe  
  131  9:21  Probe  
  131  9:24  Probe  
  135  9:31  Zealot x4  
  135  9:34  Colossus (Chrono Boost)  
  135  9:36  Gateway  
  135  9:37  Colossus (Chrono Boost)  
  149  9:38  Gateway  
  149  9:40  Gateway  
  149  9:43  Gateway  
  155  9:47  Stalker x2  
  159  9:59  Zealot  
  161  10:02  Dark Templar  
  163  10:08  Pylon  
  163  10:11  Pylon  
  163  10:13  Pylon  
  163  10:14  Pylon  
  163  10:16  Assimilator  
  163  10:18  Pylon, Zealot  
  163  10:29  Pylon, Dark Templar x2  
  163  10:30  Dark Templar, Zealot  
  163  10:31  Pylon  
  169  10:39  Stalker x5  
  169  10:40  Stalker  
  179  10:52  Stalker  
  179  10:56  Templar Archives  
  177  11:14  Stalker x5  
  177  11:15  Zealot x3  
  177  11:16  Zealot  
  189  11:22  Nexus  
  187  11:27  Probe  
  188  11:34  Pylon  
  188  11:36  Pylon  
  188  11:39  Assimilator  
  188  11:40  Stalker  
  188  11:41  Stalker, Assimilator  
  188  11:44  Stargate  
  190  11:49  Dark Templar  
  192  12:00  Dark Templar  
  194  12:07  Gateway  
  194  12:14  Photon Cannon  
  194  12:15  Shield Battery  
  194  12:19  Nexus  
  194  12:22  Photon Cannon  
  192  12:23  Assimilator  
  192  12:26  Assimilator  
  192  12:27  Dark Templar x3  
  185  13:12  Stalker x6  
Show
View Real Time Build Order
Export as new Build Order

Osiris Terran 

Build Orders: Reaper Expand 

Get SALT Encoding   

  12  0:00  SCV  
  13  0:12  SCV  
  14  0:17  Supply Depot  
  14  0:25  SCV  
  15  0:38  SCV  
  15  0:40  Barracks  
  16  0:45  Refinery  
  16  0:50  SCV  
  17  1:03  SCV  
  18  1:16  SCV  
  19  1:28  Orbital Command  
  19  1:39  Command Center  
  19  1:43  Reaper  
  20  1:52  Supply Depot  
  20  1:53  SCV  
  21  2:06  SCV  
  22  2:14  Factory  
  23  2:18  Marine  
  23  2:20  Bunker  
  23  2:22  SCV  
  24  2:27  Refinery  
  24  2:34  SCV  
  24  2:36  Barracks Reactor  
  25  2:46  SCV  
  26  2:53  Orbital Command  
  26  2:58  SCV  
  26  2:59  Hellion  
  26  3:00  Starport  
  29  3:10  SCV  
  30  3:12  Marine  
  30  3:13  Marine  
  30  3:19  SCV  
  33  3:21  Factory Tech Lab  
  33  3:23  SCV  
  34  3:30  Marine x2  
  34  3:31  SCV  
  37  3:35  SCV  
  37  3:36  Supply Depot  
  38  3:44  SCV, Barracks  
  38  3:46  Raven, Factory Tech Lab  
  41  3:49  SCV  
  41  3:52  Marine x2  
  42  4:08  Siege Tank  
  42  4:09  SCV  
  46  4:13  Supply Depot, Marine x2  
  46  4:16  SCV  
  49  4:25  SCV, Barracks  
  49  4:27  Refinery  
  49  4:28  Engineering Bay  
  50  4:36  Supply Depot, SCV  
  50  4:37  Marine x2  
  53  4:40  Stimpack  
  53  4:41  Marine  
  53  4:44  SCV  
  55  4:48  SCV  
  56  4:56  SCV  
  56  4:58  Marine x2  
  59  5:00  Supply Depot  
  59  5:02  Marauder  
  61  5:08  SCV  
  61  5:09  Terran Infantry Weapons Level 1, SCV  
  63  5:15  Supply Depot  
  63  5:18  Factory Reactor, Starport Reactor  
  63  5:22  SCV  
  63  5:23  SCV  
  63  5:24  Supply Depot  
  63  5:25  Marauder x2, Marine x2  
  63  5:26  Combat Shield  
  71  5:38  SCV  
  71  5:39  SCV  
  71  5:42  Supply Depot  
  73  5:44  Refinery  
  73  5:45  Marine x2  
  73  5:47  Marauder x2  
  79  5:51  SCV  
  79  5:53  SCV  
  79  5:56  Medivac x2  
  85  6:02  Widow Mine x2  
  85  6:03  Marine x2  
  91  6:11  Marine  
  91  6:12  Marine  
  91  6:25  Command Center, Marine x2  
  91  6:26  Barracks  
  91  6:27  Barracks  
  91  6:31  Marine x2  
  97  6:34  Medivac x2  
  99  6:40  Supply Depot  
  99  6:42  Supply Depot  
  99  6:49  Marine x2  
  99  6:50  Marine  
  102  7:01  SCV, Marine  
  102  7:02  Widow Mine x2  
  108  7:11  Marine x2  
  108  7:12  Marine  
  108  7:13  Medivac x2  
  93  7:19  Marine  
  94  7:29  Barracks Reactor, Marine x3  
  96  7:31  Barracks Tech Lab  
  91  7:38  Marine  
  74  7:47  Marine x3  
  74  7:49  Medivac x2, Widow Mine x2  
  74  7:50  Marine  
  74  7:51  Concussive Shells  
  86  7:56  Marine  
  86  7:57  Terran Infantry Armor Level 1  
  79  8:07  Marine x5  
  79  8:08  Marine  
  84  8:13  Marine  
  84  8:15  SCV x2, Orbital Command, Widow Mine x2  
  91  8:27  Medivac x2, SCV x2  
  91  8:28  Marine x6  
  103  8:39  SCV x2, Marine  
  106  8:41  Supply Depot x2  
  106  8:43  Widow Mine  
  106  8:44  Widow Mine  
  106  8:45  Marine  
  106  8:48  Ghost Academy, Marine  
  112  8:50  SCV  
  112  8:51  SCV x2  
  112  8:55  Marine x2  
  115  8:57  Marauder  
  115  9:00  Marauder  
  115  9:01  Marauder  
  115  9:02  SCV  
  124  9:03  SCV x2  
  124  9:05  Supply Depot  
  124  9:07  Supply Depot  
  126  9:11  Armory  
  126  9:12  Engineering Bay  
  126  9:14  SCV, Marine x3  
  126  9:15  SCV  
  126  9:16  Widow Mine x2  
  136  9:22  Enhanced Shockwaves  
  136  9:23  Ghost x2  
  140  9:27  Ghost  
  140  9:30  Supply Depot  
  141  9:31  SCV  
  141  9:32  SCV  
  141  9:33  SCV  
  144  9:39  Marine  
  144  9:40  Marine x3  
  144  9:41  Widow Mine  
  144  9:42  Widow Mine  
  152  9:54  Marauder x2  
  152  9:55  Viking x2  
  160  10:02  Marine x2  
  160  10:03  Marauder, Marine x2  
  160  10:05  Widow Mine x2  
  170  10:12  Refinery  
  170  10:13  Refinery  
  168  10:15  Marauder  
  170  10:22  Marine x3  
  172  10:31  Marine  
  173  10:36  Terran Infantry Armor Level 2, Terran Infantry Weapons Level 2  
  173  10:38  Marauder, Widow Mine, Viking x2  
  181  10:44  Command Center  
  181  10:50  Starport  
  181  10:56  Marine  
  181  10:57  Marine  
  181  10:59  Marine  
  181  11:00  Marine  
  181  11:03  Widow Mine  
  180  11:04  Marauder, Missile Turret  
  154  11:13  Marine x2  
  154  11:14  Marine  
  154  11:15  Marine  
  143  11:21  Orbital Command  
  141  11:26  Marauder  
  143  11:33  Marauder, Marine x2  
  143  11:34  Marauder  
  146  11:48  SCV  
  146  11:49  SCV x2  
  149  11:59  Marine x4  
  149  12:00  Marauder x2  
  149  12:01  SCV x3  
  160  12:10  Viking x2  
  160  12:13  SCV x3, Starport Reactor  
  167  12:18  Missile Turret  
  167  12:25  SCV x2  
Tags
 
Add a new tag
Caveats
  • Supply blocks, unpowered buildings, or Contaminate may cause inaccurate times.
  • Supply counts are checked every 10 seconds.